 Dungeon Crawl Stone Soup version 0.21.1-1-g345015fe64 (webtiles) character file.

441 Loge the Ruffian (level 6, -6/62 HPs)
             Began as a Troll Monk on July 18, 2018.
             Was a Priest of Yredelemnul.
             Mangled by a troll (12 damage)
             ... on level 4 of the Dungeon.
             The game lasted 00:08:55 (2823 turns).

Loge the Ruffian (Troll Monk)                       Turns: 2823, Time: 00:08:55

Health: -6/62      AC:  5    Str: 20    XL:     6   Next: 70%
Magic:  3/6        EV: 10    Int:  6    God:    Yredelemnul [***...]
Gold:   205        SH:  0    Dex: 14    Spells: 5/5 levels left

rFire    . . .     SeeInvis .     - Unarmed
rCold    . . .     Gourm    +   (no shield)
rNeg     . . .     Faith    .   t - +0 robe (curse)
rPois    .         Spirit   .   (helmet restricted)
rElec    .         Reflect  .   (no cloak)
rCorr    .         Harm     .   (gloves unavailable)
MR       .....                  (boots unavailable)
Stlth    ++........             (no amulet)
HPRegen  0.60/turn              (no ring)
MPRegen  0.10/turn              (no ring)

@: drained
A: large, unfitting armour, claws 3, fast metabolism 3, gourmand, regeneration
1, shaggy fur 1, tough skin 2
a: Recall Undead Slaves, Injury Mirror, Animate Dead, Renounce Religion


You were on level 4 of the Dungeon.
You worshipped Yredelemnul.
Yredelemnul was most pleased with you.
You were very full.

You visited 1 branch of the dungeon, and saw 4 of its levels.

You collected 205 gold pieces.

Inventory:

Missiles
 c - 156 stones (quivered)
 k - 12 poisoned needles
Armour
 t - a cursed +0 robe (worn)
Jewellery
 f - an uncursed amulet of faith {unknown}
 g - an uncursed amulet of magic regeneration {unknown}
 p - an uncursed amulet of faith {unknown}
Scrolls
 d - 7 scrolls of identify {unknown}
 e - 3 scrolls of teleportation {unknown}
 i - 2 scrolls of enchant weapon {unknown}
 l - a scroll of magic mapping {unknown}
 m - a scroll of fog {unknown}
 o - a scroll of fear {unknown}
 q - a scroll of amnesia {unknown}
Potions
 h - 2 potions of magic {unknown}
 j - a potion of resistance {unknown}
 n - a potion of brilliance {unknown}
 r - a potion of ambrosia {unknown}
 s - a potion of curing {unknown}
Comestibles
 b - 11 rations


   Skills:
 + Level 3.8(3.6) Fighting
 - Level 2.4(2.1) Dodging
 - Level 1.0(0.7) Stealth
 * Level 6.0(5.7) Unarmed Combat
 + Level 2.3(2.0) Invocations


You had 5 spell levels left.
You didn't know any spells.

Dungeon Overview and Level Annotations

Branches:
Dungeon (4/15)
 Temple: D:4-7

Altars:
Elyvilon
Okawaru
Qazlal
Ru
Wu Jian
Yredelemnul

Annotations:
D:3 1 runed door
D:4 1 transporter


Innate Abilities, Weirdness & Mutations

You are too large for most types of armour.
You have claws for hands.
Your metabolism is lightning-fast.
You like to eat raw meat.
Your natural rate of healing is unusually fast.
You are covered in fur. (AC +1)
You have very tough skin. (AC +2)


Message History

The centaur hits something!
Something hits the centaur!
The centaur dies!
Yredelemnul accepts your kill.
The ooze dissolves into shadows!
Your base Unarmed Combat skill increases to level 6!
The orc priest hits something with a club.
The troll bites you!
* * * LOW HITPOINT WARNING * * *
The troll barely misses you. The troll claws you.
* * * LOW HITPOINT WARNING * * *
You scratch the troll.
The troll is lightly wounded.
Something bites the orc priest.
The orc priest dies!
Yredelemnul accepts your kill. The troll bites you.
* * * LOW HITPOINT WARNING * * *
The troll claws you!
You die...
Your body rises from the dead as a mindless zombie.

#.......##.#...##........#
#.#####.##.#.#......####.#
########.# #........#Z.#[#
#.# #........#
#.##.#...##.#.# ##..
########.# ##.............#
#...
#.####..#########...###(.#
#......##...©...##...##..#
####.#.#8.T#.#..8#....#...
#.#.#.@#...#!.#...##... ##
#...#=†)Z.....#...##... .#
#..©#.)©....$_#©..##.## .#
##..#.......(.#......#
.###### ##.#..#...#!$#)#.####
..Z.Z.# #.#8..#.#..8#.#.# ###
.####Z#######.##.......##.#.#
#.. (#
#.#...Z....#########..#.# #.#
.#
#.#.######...........##.###.#


You could see a troll and a friendly worker ant zombie.

Vanquished Creatures
  An ogre (D:4)
  An orc priest (D:3)
  An orc wizard (D:3)
  2 worker ants (D:4)
  Natasha (twice) (D:3)
  4 adders
  An ooze (D:2)
  A worm (D:4)
  A dart slug (D:3)
  10 leopard geckos
  8 orcs
  A ball python (D:2)
  7 bats
  A giant cockroach (D:1)
  6 goblins
  7 hobgoblins
  5 jackals (D:3)
  4 frilled lizards
  4 kobolds (D:1)
  A quokka skeleton (D:4)
  11 rats
  2 plants (D:1)
81 creatures vanquished.

Vanquished Creatures (collateral kills)
  A centaur (D:4)
  An orc priest (D:4)
  A worker ant (D:4)
3 creatures vanquished.

Vanquished Creatures (others)
  An ogre zombie (D:4)
  A worker ant zombie (D:4)
  A dart slug zombie (D:3)
  A goblin zombie (D:3)
  A jackal skeleton (D:3)
  A leopard gecko zombie (D:3)
6 creatures vanquished.

Grand Total: 90 creatures vanquished

Notes
Turn   | Place    | Note
-------+----------+-------------------------------------------
     0 | D:1      | Loge the Troll Monk began the quest for the Orb.
     0 | D:1      | Reached XP level 1. HP: 22/22 MP: 0/0
   123 | D:1      | Reached XP level 2. HP: 29/29 MP: 1/1
   523 | D:1      | Reached XP level 3. HP: 36/36 MP: 2/2
   739 | D:2      | Reached skill level 4 in Unarmed Combat
  1060 | D:2      | Reached XP level 4. HP: 45/45 MP: 3/3
  1064 | D:2      | Found a stormy altar of Qazlal.
  1254 | D:3      | Found a basalt altar of Yredelemnul.
  1257 | D:3      | Became a worshipper of Yredelemnul the Dark
  1257 | D:3      | Reached * piety under Yredelemnul
  1257 | D:3      | Reached ** piety under Yredelemnul
  1320 | D:3      | Found an ornate altar of the Wu Jian Council.
  1320 | D:3      | Noticed Natasha
  1329 | D:3      | Killed Natasha
  1406 | D:3      | Noticed Natasha
  1412 | D:3      | Killed Natasha
  1503 | D:3      | Reached XP level 5. HP: 53/53 MP: 4/4
  1668 | D:3      | Found a white marble altar of Elyvilon.
  1760 | D:3      | Reached skill level 1 in Invocations
  1817 | D:3      | Reached skill level 5 in Unarmed Combat
  1862 | D:3      | Found a sacrificial altar of Ru.
  1908 | D:3      | Found a runed door.
  2049 | D:3      | You fall through a shaft!
  2056 | D:4      | Noticed a troll
  2057 | D:4      | Found a transporter.
  2058 | D:4      | Found an iron altar of Okawaru.
  2058 | D:4      | Noticed a centaur
  2254 | D:4      | Reached XP level 6. HP: 57/61 MP: 6/6
  2316 | D:4      | Found a transporter.
  2676 | D:4      | Reached *** piety under Yredelemnul
  2819 | D:4      | Reached skill level 6 in Unarmed Combat
  2823 | D:4      | Mangled by a troll

Skill      XL: |  1  2  3  4  5  6 |
---------------+-------------------+-----
Unarmed Combat | 4 5 6 |  6.0
Fighting       | 3 |  3.8
Invocations    | 1 2 |  2.3
Dodging        | |  2.4
Stealth        | |  1.0

Action                   |  1- 3 |  4- 6 || total
-------------------------+-------+-------++-------
Melee: Unarmed           |   131 |   108 ||   239
       Punch             |     1 |     2 ||     3
Invok: Animate Remains   |       |    12 ||    12
       Recall Undead Sla |       |     5 ||     5
 Stab: Sleeping          |     1 |     5 ||     6
  Eat: Chunk             |    15 |    19 ||    34
Armor: Robe              |    50 |    28 ||    78
Dodge: Dodged            |    58 |    64 ||   122
